 Dungeon Crawl Stone Soup version 0.31-a0-441-g867994ef1c (webtiles) character file.

Game seed: 9245326396707991328

1313 jlumianski the Ducker (level 8, -4/58 HPs)
             Began as a Djinni Fire Elementalist on Aug 2, 2023.
             Was an Initiate of Makhleb.
             Slain by a gnoll
             ... wielding a +2 halberd of freezing
              (5 damage)
             ... on level 5 of the Dungeon on Aug 3, 2023.
             The game lasted 00:35:45 (4933 turns).

jlumianski the Ducker (Djinni Fire Elementalist)    Turns: 4933, Time: 00:35:45

Health: -4/58      AC:  4    Str:  7    XL:     8   Next: 89%
Gold:   192        EV: 15    Int: 18    God:    Makhleb [......] SH:  0 Dex: 15

rFire   + + .        t - +5 woodcutter's axe
rCold   x . .        (shield currently unavailable)
rNeg    + . .        a - +0 robe
rPois   ∞            i - +0 helmet
rElec   .            (no cloak)
rCorr   .            j - +0 pair of gloves
SInv    .            (boots unavailable)
Will    .....        (no amulet)
Stlth   +++          y - ring of positive energy
HPRegen 0.29/turn    (no ring)
MPRegen 0.00/turn

%: infuse magic (-5 HP)
@: flying
A: sickness immunity, fire resistance 2, cold vulnerability 1, float, innate
caster, HP casting, extra vitality 1
a: Renounce Religion


You were on level 5 of the Dungeon.
You worshipped Makhleb.
Makhleb was noncommittal.
You visited 2 branches of the dungeon, and saw 7 of its levels.
You also visited: Ossuary.

You collected 192 gold pieces.

Inventory:

Hand Weapons
 c - a +0 dagger
 m - a +0 rapier
 o - a +1 dagger of freezing
 t - the +5 woodcutter's axe (weapon)
   (You took it off a gnoll on level 3 of the Dungeon)
 v - a +2 hand axe of venom
 x - a +4 long sword
Missiles
 p - 13 poisoned darts
 w - 3 curare-tipped darts
Armour
 a - a +0 robe (worn)
 d - a +0 leather armour
 i - a +0 helmet (worn)
 j - a +0 pair of gloves (worn)
Jewellery
 y - a ring of positive energy (left hand)
Talismans
 g - a blade talisman
Wands
 s - a wand of flame (38)
Scrolls
 e - a scroll of vulnerability
 f - 2 scrolls of fear
 l - 2 scrolls of teleportation
 q - a scroll of poison
 A - a scroll of enchant weapon {unknown}
 B - a scroll of butterflies {unknown}
 C - a scroll of blinking {unknown}
Potions
 b - a potion of haste
 h - 2 potions of brilliance {unknown}
 k - a potion of might
 n - a potion of lignification
 r - 2 potions of degeneration
 u - a potion of enlightenment
 z - a potion of resistance
 D - a potion of magic


   Skills:
 + Level 3.6 Fighting
 - Level 2.9 Short Blades
 - Level 0.4 Axes
 + Level 6.3 Dodging
 + Level 5.2 Stealth
 + Level 4.0 Spellcasting
 + Level 4.0 Conjurations
 + Level 4.0 Hexes
 + Level 4.0 Summonings
 + Level 4.0 Necromancy
 + Level 4.0 Translocations
 + Level 4.0 Transmutations
 + Level 4.0 Fire Magic
 + Level 4.0 Ice Magic
 + Level 4.0 Air Magic
 + Level 4.0 Earth Magic
 + Level 4.0 Poison Magic
 - Level 0.3 Evocations


You knew the following spells:

 Your Spells              Type           Power      Damage    Failure   Level
a - Foxfire               Conj/Fire      72%        2x1d7     2%          1
b - Scorch                Fire           36%        2d6       4%          2
c - Volatile Blastmotes   Fire/Tloc      36%        2d13      9%          3
d - Inner Flame           Hex/Fire       18%        N/A       9%          3
e - Flame Wave            Conj/Fire      18%        2d7       28%         4
f - Summon Small Mammal   Summ           72%        N/A       2%          1
g - Lesser Beckoning      Tloc           36%        N/A       4%          2
h - Teleport Other        Tloc           18%        N/A       9%          3
Your spell library was empty.

Dungeon Overview and Level Annotations

Branches:
Dungeon (6/15)             Temple (1/1) D:5         Ossuary (visited)

Altars:
Cheibriados
Dithmenos
Elyvilon
Fedhas
Gozag
Makhleb
Nemelex Xobeh
Okawaru
Wu Jian
Yredelemnul
Zin
The Shining One

Annotations:
D:3 4 runed translucent doors, Crazy Yiuf; lunkers's ghost, amateur MeSh


Innate Abilities, Weirdness & Mutations

You are immune to sickness and miasma.
You are immune to poison.
Your flesh is very heat resistant. (rF++)
You are vulnerable to cold. (rC-)
You float through the air rather than walking.
You learn spells naturally, not from books.
Your magical power is your life essence.
You have superior vitality. (+4 MHP)


Message History

You closely miss the gnoll. The adder barely misses you. The gnoll misses you.
The gnoll closely misses you. The adder bites you but does no damage.
You barely miss the adder.
The adder is severely wounded.
You hit the gnoll.
The gnoll is no longer more vulnerable to fire.
The gnoll closely misses you. The gnoll barely misses you.
The adder closely misses you.
You closely miss the adder.
The adder is severely wounded.
You closely miss the gnoll. The gnoll completely misses you.
The gnoll misses you. The adder bites you but does no damage.
You barely miss the adder.
The adder is severely wounded.
You hit the gnoll. The adder bites you but does no damage.
The gnoll misses you. The gnoll closely misses you.
The adder bites you but does no damage.
You slash the adder!
You kill the adder!
Makhleb accepts your kill.
You closely miss the gnoll. The gnoll barely misses you.
The gnoll hits you from afar with a +2 halberd of freezing.
The gnoll freezes you. The gnoll attacks as you move away!
The gnoll misses you. The gnoll attacks as you move away!
The gnoll completely misses you.
Casting: Foxfire (safe; 2% risk of failure)
Confirm with . or Enter, or press ? or * to list all spells.
Flames lash the gnoll.
You kill the gnoll!
Makhleb accepts your kill. The gnoll misses you.
The gnoll hits you with a +2 halberd of freezing!
* * * LOW HITPOINT WARNING * * *
The gnoll freezes you.
* * * LOW HITPOINT WARNING * * *
Things that are here:
a +0 flail; a gnoll corpse The gnoll attacks as you move away!
The gnoll hits you with a +2 halberd of freezing.
You die...

.........#.##.# #.#....
.........#.##.# #.#.♣..
.........#.##.# #.#P.P.
.........#.#..# #.P..~♣
.........#.#.#####...~♣~
.........#...:..##....~~
.......†)#....>....♣♣♣~~
.......g...##....#...~~~
....$..@.#####.......♣~♣
....>....# ####..P..♣.
.........# #..#....
########## #..#..♣P
#...♣♣#. ######..## #.
........####.
###..#.......
#..#######.


You could see a gnoll.

Vanquished Creatures
  Grinder (D:2)
  Sigmund (D:3)
  2 black bears
  A gnoll sergeant (D:3)
  A scorpion (D:3)
  5 centaur zombies (Ossuary)
  A hound (D:5)
  2 sleepcaps
  2 iguanas (D:4)
  An orc wizard (D:3)
  4 mummies (Ossuary)
  Robin (D:3)
  9 gnolls
  6 adders
  An ufetubus (D:4)
  An adder skeleton (D:2)
  An adder zombie (D:2)
  2 worms
  A dart slug (D:5)
  4 orcs (D:3)
  11 ball pythons
  3 bat skeletons (D:2)
  2 bat zombies (D:2)
  10 endoplasms
  4 giant cockroaches
  18 goblins
  8 hobgoblins
  11 kobolds
  4 quokkas
  3 ball python skeletons (D:2)
  2 ball python zombies (D:2)
  3 bats
  6 frilled lizards
  2 hobgoblin zombies (Ossuary)
  A jackal zombie (D:2)
  3 rats
138 creatures vanquished.

Vanquished Creatures (others)
  290 foxfires
290 creatures vanquished.

Grand Total: 428 creatures vanquished

Notes
Turn   | Place    | Note
-------+----------+-------------------------------------------
     0 | D:1      | jlumianski the Djinni Fire Elementalist began the quest for
                  | the Orb.
     0 | D:1      | jlumianski set off with the following spells memorised:
                  | Foxfire, Scorch, Volatile Blastmotes, Inner Flame, Flame
                  | Wave.
     0 | D:1      | Reached XP level 1. HP: 15/15 MP: 0/0
    96 | D:1      | Reached XP level 2. HP: 19/21 MP: 0/0
   413 | D:1      | Found a faded altar of an unknown god.
   426 | D:1      | Reached XP level 3. HP: 23/25 MP: 0/0
   426 | D:1      | Learned a level 1 spell: Summon Small Mammal
   488 | D:2      | HP: 1/25 [kobold/+0 short sword (2)]
   858 | D:2      | Reached skill level 3 in Dodging
  1081 | D:3      | Noticed Sigmund
  1184 | D:2      | Reached XP level 4. HP: 29/31 MP: 0/0
  1474 | D:2      | Reached skill level 1 in Short Blades
  1616 | D:3      | Found a basalt altar of Yredelemnul.
  1711 | D:3      | Found a white marble altar of Elyvilon.
  1753 | D:3      | Killed Sigmund
  1754 | D:3      | Reached skill level 4 in Dodging
  1754 | D:3      | Reached XP level 5. HP: 27/36 MP: 0/0
  1754 | D:3      | Learned a level 2 spell: Lesser Beckoning
  1754 | D:3      | Reached XP level 6. HP: 31/41 MP: 0/0
  1821 | D:3      | Found a runed translucent gate.
  1821 | D:3      | Found a runed translucent gate.
  1821 | D:3      | Found a runed translucent gate.
  1824 | D:3      | Noticed lunkers's ghost (amateur MeSh)
  1904 | D:3      | Noticed Grinder
  1963 | D:2      | Killed Grinder
  1964 | D:2      | Reached skill level 1 in Fighting
  1964 | D:2      | Reached XP level 7. HP: 8/47 MP: 0/0
  1964 | D:2      | Learned a level 3 spell: Teleport Other
  2219 | D:3      | Noticed Robin
  2222 | D:3      | Killed Robin
  2734 | D:3      | Found a runed translucent door.
  2735 | D:3      | Noticed Crazy Yiuf
  2803 | D:4      | Found an iron altar of Okawaru.
  2917 | D:5      | Entered Level 5 of the Dungeon
  3142 | D:4      | Reached XP level 8. HP: 52/54 MP: 0/0
  3426 | D:4      | Reached skill level 5 in Dodging
  4384 | D:6      | Reached skill level 5 in Stealth
  4394 | D:6      | Found a sand-covered staircase.
  4402 | D:6      | Noticed a yak
  4404 | Ossuary  | Entered an ossuary
  4461 | Ossuary  | HP: 1/56 [hobgoblin zombie (3)]
  4509 | Ossuary  | Reached skill level 6 in Dodging
  4726 | D:6      | Noticed a yak
  4864 | D:5      | Found a staircase to the Ecumenical Temple.
  4885 | Temple   | Entered the Ecumenical Temple
  4896 | Temple   | Became a worshipper of Makhleb the Destroyer
  4932 | D:5      | HP: 1/58 [gnoll/+2 halberd of freezing (6)]
  4933 | D:5      | Slain by a gnoll

Illustrated notes

Levels and vault maps discovered:
D:1:      amcnicky_arrival_wind_blow, layout_loops_cross,
          ebering_ecumenical_altar_rust
D:2:      layout_loops_ring, serial_undead, serial_undead_d, serial_undead_e,
          serial_undead_d, serial_undead_a, serial_undead_c, serial_undead_a,
          serial_undead_f
D:3:      layout_rooms, kennysheep_ying_yang, gammafunk_ghost_split,
          grunt_decor_junction, st_stairs_3, pf_guarded_unrand_woodcutter,
          uniq_sigmund, uniq_robin, uniq_grinder, uniq_crazy_yiuf_cottage
D:4:      minmay_angry_zag, layout_layer_cave, okawaru_ov_weapons_minmay
D:5:      layout_basic, nicolae_ru_great_annihilating_truth,
          minmay_temple_entry_offerings, chequers_serial_rivers_room_a,
          st_stairs_5, serial_bayou_pond_a, uniq_pikel
D:6:      layout_basic, mainiacjoe_overflow_cross_hatched, enter_ossuary_1,
          uniq_eustachio
Temple:   hellmonk_temple_flake

Skill      XL: |  1  2  3  4  5  6  7  8 |
---------------+-------------------------+-----
Spellcasting   | 4 |  4.0
Conjurations   | 4 |  4.0
Hexes          | 4 |  4.0
Summonings     | 4 |  4.0
Necromancy     | 4 |  4.0
Translocations | 4 |  4.0
Transmutations | 4 |  4.0
Fire Magic     | 4 |  4.0
Ice Magic      | 4 |  4.0
Air Magic      | 4 |  4.0
Earth Magic    | 4 |  4.0
Poison Magic   | 4 |  4.0
Stealth        | 2 3 4 5 |  5.2
Dodging        | 3 4 6 |  6.3
Short Blades   | 2 |  2.9
Fighting       | 1 3 |  3.6
Axes           | |  0.4
Evocations     | |  0.3

Action                     |  1- 3 |  4- 6 |  7- 9 || total
---------------------------+-------+-------+-------++-------
  Melee: Unarmed           |     1 |       |       ||     1
         Dagger            |    20 |       |       ||    20
         Rapier            |     4 |    17 |     1 ||    22
         Battleaxe         |       |       |    42 ||    42
   Cast: Foxfire           |    49 |    32 |    85 ||   166
         Scorch            |     1 |    14 |    41 ||    56
         Summon Small Mamm |       |     2 |     3 ||     5
         Inner Flame       |       |       |     1 ||     1
         Volatile Blastmot |       |       |     1 ||     1
  Evoke: Wand              |       |     1 |     3 ||     4
    Use: Potion            |     1 |       |     2 ||     3
         Scroll            |       |     7 |     7 ||    14
   Stab: Sleeping          |     2 |     2 |     5 ||     9
 Armour: Robe              |    12 |     6 |    52 ||    70
  Dodge: Dodged            |    28 |    32 |   127 ||   187

Table legend: (Time is in decaauts)
 A = Elapsed time spent in this place.
 B = Non-inter-level travel time spent in this place.
 C = Inter-level travel time spent in this place.
 D = Time resting spent in this place.
 E = Time spent auto-exploring this place.
 F = Levels seen in this place.
 G = Mean time per level.
                   A        B        C        D        E       F      G
               +--------+--------+--------+--------+--------+-----+--------+
         Total |   4928 |   4874 |     54 |    501 |   2906 |   8 |  616.0 |
       Dungeon |   4585 |   4531 |     54 |    348 |   2906 |   6 |  764.2 |
        Temple |     22 |     22 |      0 |      0 |      0 |   1 |   22.0 |
       Ossuary |    320 |    320 |      0 |    153 |      0 |   1 |  320.0 |
               +--------+--------+--------+--------+--------+-----+--------+

Top non-repeatable levels by time:
     D:4: 1436 daAuts
     D:3: 1072 daAuts
     D:2: 941 daAuts
     D:1: 817 daAuts
 Ossuary: 320 daAuts
     D:5: 245 daAuts
     D:6: 72 daAuts
  Temple: 22 daAuts
